 Dungeon Crawl Stone Soup version 0.28-a0-1130-gc51a68064b (webtiles) character file.

Game seed: 2540857244509207255

434 bande the Covered (level 7, -4/43 HPs)
             Began as a Gargoyle Fighter on Dec 13, 2021.
             Was an Initiate of Okawaru.
             Slain by a shadow (28 damage)
             ... on level 5 of the Dungeon.
             The game lasted 00:07:24 (3895 turns).

bande the Covered (Gargoyle Fighter)                Turns: 3895, Time: 00:07:25

Health: -4/43      AC: 16    Str: 20      XL:     7   Next: 0%
Magic:  7/7        EV:  7    Int:  7 (8)  God:    Okawaru [......]
Gold:   217        SH:  5    Dex: 11      Spells: 6/6 levels left

rFire   . . .      SeeInvis .   a - +1 war axe (elec)
rCold   . . .      Faith    .   c - +1 buckler
rNeg    + . .      Spirit   .   m - +0 chain mail
rPois   ∞          Reflect  .   (no helmet)
rElec   +          Harm     .   j - +0 cloak
rCorr   .          Rampage  .   (no gloves)
Will    .....                   (no boots)
Stlth   ..........              (no amulet)
HPRegen 0.14/turn               (no ring)
MPRegen 0.10/turn               (no ring)

@: flying
A: sickness immunity, AC +4, negative energy resistance 1, electricity
resistance, torment resistance 1, petrification resistance, big wings, claws 1,
deterioration 1, passive freeze, subdued magic 1
a: Renounce Religion


You were on level 5 of the Dungeon.
You worshipped Okawaru.
Okawaru was noncommittal.
You visited 2 branches of the dungeon, and saw 6 of its levels.

You collected 217 gold pieces.

Inventory:

Hand Weapons
 a - a +1 war axe of electrocution (weapon)
 b - a +0 flail
Armour
 c - a +1 buckler (worn)
 j - a +0 cloak (worn)
 m - a +0 chain mail (worn)
Jewellery
 e - a ring of fire
 o - a ring of wizardry
Scrolls
 f - a scroll of enchant weapon
 h - a scroll of teleportation
Potions
 d - 2 potions of might
 g - 3 potions of magic
 i - a potion of brilliance {unknown}
 k - 2 potions of heal wounds {unknown}
 l - 2 potions of invisibility {unknown}
 n - a potion of curing {unknown}


   Skills:
 + Level 4.3 Fighting
 + Level 4.6 Axes
 + Level 5.4 Armour
 + Level 4.0 Shields


You had 6 spell levels left.
You didn't know any spells.
Your spell library contained the following spells:

 Spells                   Type           Power      Damage    Failure   Level
 Static Discharge         Conj/Air       0%         N/A       99%         2
 Dispel Undead            Necr           0%         3d6       100%        4
 Sticky Flame             Conj/Fire      0%         2d3       100%        4


Dungeon Overview and Level Annotations

Branches:
Dungeon (5/15)             Temple (1/1) D:4

Altars:
Ashenzari
Cheibriados
Dithmenos
Elyvilon
Gozag
Hepliaklqana
Kikubaaqudgha
Makhleb
Nemelex Xobeh
Okawaru
Qazlal
Ru
Sif Muna
Trog
Uskayaw
Vehumet
Wu Jian
Xom


Innate Abilities, Weirdness & Mutations

You are immune to sickness and miasma.
Your stone body is resilient. (AC +4)
You are immune to poison.
You resist negative energy. (rN+)
You are resistant to electric shocks. (rElec)
You are resistant to unholy torment.
You are immune to petrification.
Your large and strong wings let you fly.
You have sharp fingernails.
Your body sometimes deteriorates upon taking damage.
A frigid envelope surrounds you and freezes all who hurt you.
Your spells are a little easier to cast, but a little less powerful.


Message History

You hit the water moccasin zombie. You slash the dart slug!
Lightning courses through the dart slug!
You kill the dart slug!
Okawaru accepts your kill. You block the shadow's attack.
The water moccasin zombie closely misses you.
You barely miss the shadow.
The shadow is severely damaged.
You hit the water moccasin zombie.
The water moccasin zombie barely misses you.
The shadow slips into darkness.
The shadow flickers and vanishes!
Deactivating autopickup; reactivate with Ctrl-A.
You block the water moccasin zombie's attack.
The shadow strikes at you from the darkness!
Reactivating autopickup.
The shadow completely resists.
You barely miss the shadow.
The shadow is severely damaged.
You slash the water moccasin zombie!
The water moccasin zombie bites you but does no damage.
The water moccasin zombie resists.
The water moccasin zombie is very cold.
You destroy the water moccasin zombie!
Okawaru accepts your kill. The shadow completely misses you.
Your Shields skill increases to level 4!
You have reached level 7!
You closely miss the shadow.
The shadow is severely damaged.
The shadow hits you!
Your body deteriorates!
You feel dopey.
The shadow completely resists.
You closely miss the shadow.
The shadow is severely damaged.
The shadow slips into darkness.
The shadow flickers and vanishes!
Deactivating autopickup; reactivate with Ctrl-A.
The shadow strikes at you from the darkness!
Ouch! That really hurt!
You die...

#. ........#
#..#.≈≈..≈≈.#
#..#.≈♣..♣≈.#
#..'....(...+
#..'...(....+
##########..#.≈♣..♣≈.#
....<.......#.≈≈{†≈≈.#
............#...@....#
............####''####
..............†....#
...................#
.......................
........................
...........####.........
...........# #.........
......[...... ........##


There were no monsters in sight!

Vanquished Creatures
  A water moccasin zombie (D:5)
  A gnoll shaman (D:4)
  2 hounds (D:4)
  A bullfrog skeleton (D:5)
  Terence (D:3)
  An iguana (D:5)
  2 orc wizards (D:4)
  3 gnolls (D:4)
  3 adders
  An adder zombie (D:5)
  A worm (D:2)
  3 dart slugs
  15 orcs
  2 endoplasms (D:2)
  3 giant cockroaches
  3 goblins
  8 hobgoblins
  8 jackals
  7 quokkas
  3 ball pythons
  5 bats
  2 frilled lizards
  4 kobolds (D:1)
  4 rats
84 creatures vanquished.

Notes
Turn   | Place    | Note
-------+----------+-------------------------------------------
     0 | D:1      | bande the Gargoyle Fighter began the quest for the Orb.
     0 | D:1      | Reached XP level 1. HP: 14/14 MP: 1/1
   186 | D:1      | Reached XP level 2. HP: 17/19 MP: 2/2
   465 | D:1      | Found a faded altar of an unknown god.
   939 | D:2      | Reached XP level 3. HP: 19/23 MP: 3/3
  1547 | D:3      | Gained mutation: A frigid envelope surrounds you and
                  | freezes all who hurt you. [potion of mutation]
  1547 | D:3      | Gained mutation: You have sharp fingernails. [potion of
                  | mutation]
  1547 | D:3      | Gained mutation: You are clumsy. (Dex -2) [potion of
                  | mutation]
  1693 | D:3      | Reached skill level 4 in Armour
  1721 | D:3      | Noticed Terence
  1724 | D:3      | Killed Terence
  1725 | D:3      | Reached XP level 4. HP: 29/29 MP: 4/4
  2506 | D:4      | Reached XP level 5. HP: 32/33 MP: 5/5
  2749 | D:4      | Reached XP level 6. HP: 11/38 MP: 6/6
  3185 | D:4      | Found a staircase to the Ecumenical Temple.
  3216 | Temple   | Entered the Ecumenical Temple
  3337 | Temple   | Became a worshipper of Warmaster Okawaru
  3368 | D:4      | Lost mutation: You are clumsy. (Dex -2) [potion of
                  | mutation]
  3368 | D:4      | Gained mutation: Your spells are a little easier to cast,
                  | but a little less powerful. [potion of mutation]
  3368 | D:4      | Gained mutation: Your body sometimes deteriorates upon
                  | taking damage. [potion of mutation]
  3368 | D:4      | Gained mutation: Your large and strong wings let you fly.
                  | [potion of mutation]
  3538 | D:4      | Reached skill level 5 in Armour
  3636 | D:5      | Entered Level 5 of the Dungeon
  3882 | D:5      | Noticed a shadow
  3894 | D:5      | Reached XP level 7. HP: 34/43 MP: 7/7
  3895 | D:5      | Slain by a shadow

Illustrated notes

Levels and vault maps discovered:
D:1:      lemuel_arrival_river_ford, layout_loops_cross,
          dreamdust_ecumenical_altar_angels_and_demons
D:2:      layout_rooms
D:3:      layout_loops_corners, minmay_misc_feat_plants, feat_on_display,
          uniq_terence
D:4:      minmay_door_path, layout_rooms, minmay_temple_entry_mist, hex_medium,
          kennysheep_dice
D:5:      layout_basic, portal_sewer_entry_d, kennysheep_generic_room_5
Temple:   mainiacjoe_temple_archimedes_tessellation

Skill      XL: |  1  2  3  4  5  6 |
---------------+-------------------+-----
Axes           | 2 3 4 |  4.6
Armour         | 4 5 |  5.4
Fighting       | 4 |  4.3
Shields        | 4 |  4.0

Action                   |  1- 3 |  4- 6 |  7- 9 || total
-------------------------+-------+-------+-------++-------
Melee: War axe           |   109 |    65 |     2 ||   176
  Use: Scroll            |     5 |     9 |       ||    14
       Potion            |     1 |     1 |       ||     2
Armor: Scale mail        |    50 |       |       ||    50
       Chain mail        |       |    55 |       ||    55
Dodge: Dodged            |    53 |    35 |       ||    88
Block: Buckler           |    38 |    27 |       ||    65

Table legend: (Time is in decaauts)
 A = Elapsed time spent in this place.
 B = Non-inter-level travel time spent in this place.
 C = Inter-level travel time spent in this place.
 D = Time resting spent in this place.
 E = Time spent auto-exploring this place.
 F = Levels seen in this place.
 G = Mean time per level.
                   A        B        C        D        E       F      G
               +--------+--------+--------+--------+--------+-----+--------+
         Total |   3970 |   3889 |     81 |    323 |   2762 |   6 |  661.7 |
       Dungeon |   3828 |   3766 |     62 |    323 |   2666 |   5 |  765.6 |
        Temple |    141 |    122 |     19 |      0 |     96 |   1 |  141.0 |
               +--------+--------+--------+--------+--------+-----+--------+

Top non-repeatable levels by time:
     D:4: 1193 daAuts
     D:3: 797 daAuts
     D:1: 793 daAuts
     D:2: 778 daAuts
     D:5: 266 daAuts
  Temple: 141 daAuts
